 Dungeon Crawl Stone Soup version 0.21-a0-344-g2144152 (webtiles) character file.

462894 4thArraOfDagon the Executioner (level 23, -9/309 HPs)
             Began as a Minotaur Chaos Knight on Oct 4, 2017.
             Mangled by a spatial vortex (19 damage)
             ... on level 5 of the Abyss.
             The game lasted 02:24:50 (23346 turns).

4thArraOfDagon the Executioner (MiCK)              Turns: 23346, Time: 02:24:51

Health: -9/309     AC: 26    Str: 20    XL:     23   Next: 10%
Magic:  44/44      EV: 19    Int: 21    God:    Xom [.....*]
Gold:   1852       SH:  0    Dex: 10    Spells: 9/40 levels left

rFire    + . .     SeeInvis +   X - +12 executioner's axe of Perfectionism {pain, +Fly}
rCold    + + +     Gourm    .   (shield currently unavailable)
rNeg     + . .     Faith    .   (armour currently unavailable)
rPois    ∞         Spirit   .   (helmet unavailable)
rElec    +         Reflect  .   y - scarf {rC+ rF+}
rCorr    +         Harm     .   (gloves currently unavailable)
MR       +....                  (boots currently unavailable)
Stlth    ..........             f - amulet "Guafer" {RegenMP Int+5 Dex-3 SInv}
HPRegen  0.61/turn              E - ring of Impatience {Ice rElec Int-2 Slay+4 Stlth-}
MPRegen  0.54/turn              Y - ring of Divine Compulsion {+Inv rPois MP+9 Int+3}

@: statue-form, resistant, berserk cooldown, slowed, very slow
A: retaliatory headbutt, claws 1, hooves 1, horns 3, rugged brown scales 1, see
invisible, agile 1, blink, deterioration 1, robust 1, sturdy frame 1
}: 3/15 runes: serpentine, barnacled, slimy
a: End Transformation, Blink, Renounce Religion, Evoke Invisibility, Evoke
Flight


You were on level 5 of the Abyss.
You worshipped Xom.
You were Xom's teddy bear.
You were not hungry.
You were a stone statue.
You visited 8 branches of the dungeon, and saw 44 of its levels.
You visited the Abyss 4 times.
You visited 1 bazaar.
You also visited: Bailey and Volcano.

You collected 4737 gold pieces.
You spent 2885 gold pieces at shops.

Inventory:

Hand Weapons
 C - the +8 war axe "Covur" {chop, rPois MR- Int+5 Stlth+}
   (You found it on level 7 of the Dungeon)

   It inflicts extra damage upon your enemies.
   It affects your intelligence (+5).
   It protects you from poison.
   It affects your resistance to hostile enchantments.
   It makes you more stealthy.
 X - the +12 executioner's axe of Perfectionism (weapon) {pain, +Fly}
   (You found it in a bailey)

   In the hands of one skilled in necromantic magic, it inflicts extra damage on
   living creatures.
   It lets you fly.
Missiles
 m - 7 poisoned tomahawks (quivered)
 H - 8 curare-tipped needles
 I - 14 throwing nets
Armour
 y - a scarf of resistance (worn)
 K - the +4 moon troll leather armour (melded) {Spirit, Regen++ MP+5}
   (You found it on level 4 of the Snake Pit)

   It affects your magic capacity (+5).
   It increases your rate of regeneration.
 L - the +3 pair of gauntlets of War (melded) {Slay+5}
   (You found it on level 5 of the Pits of Slime)

   It affects your accuracy and damage with ranged weapons and melee attacks
   (+5).
 Q - a +2 pair of boots (melded)
 T - a scarf of repulsion
Jewellery
 f - the amulet "Guafer" (around neck) {RegenMP Int+5 Dex-3 SInv}
   (You found it on level 5 of the Lair of Beasts)

   [amulet of magic regeneration]

   It increases your magic regeneration.
   It affects your intelligence (+5).
   It affects your dexterity (-3).
   It lets you see invisible.
 w - an uncursed ring of positive energy
 D - the amulet "Lodaetycw" {Reflect rElec rC+++ Str-2 Dex-5 SH+6}
   (You took it off a deep elf elementalist on level 3 of the Elven Halls)

   [amulet of reflection]

   It shields you and reflects attacks.
   It affects your strength (-2).
   It affects your dexterity (-5).
   It renders you almost immune to cold.
   It insulates you from electricity.
   It affects your SH (+6).
 E - the ring of Impatience (left claw) {Ice rElec Int-2 Slay+4 Stlth-}
   (You bought it in a shop on level 2 of the Orcish Mines)

   [ring of ice]

   It enhances your ice magic.
   It affects your intelligence (-2).
   It affects your accuracy and damage with ranged weapons and melee attacks
   (+4).
   It makes you vulnerable to fire.
   It protects you from cold.
   It insulates you from electricity.
   It makes you less stealthy.
 G - the ring of Nongeuru {rCorr MR+++}
   (You found it on level 3 of the Elven Halls)

   [ring of resist corrosion]

   It affects your resistance to hostile enchantments.
 Y - the ring of Divine Compulsion (right claw) {+Inv rPois MP+9 Int+3}
   (You took it off a naga warrior on level 3 of the Snake Pit)

   [ring of poison resistance]

   It affects your intelligence (+3).
   It protects you from poison.
   It affects your magic capacity (+9).
   It lets you turn invisible.
Wands
 l - a wand of scattershot (2/9)
 F - a wand of clouds (2/9)
 R - a wand of clouds (4/9)
Scrolls
 d - 6 scrolls of teleportation
 g - 12 scrolls of remove curse
 h - 7 scrolls of enchant armour
 i - 5 scrolls of fear
 n - 3 scrolls of magic mapping
 z - 6 scrolls of fog
 M - 3 scrolls of immolation
 P - 2 scrolls of recharging
 S - a scroll of holy word
 U - 3 scrolls of identify
 W - a scroll of blinking
Potions
 k - 2 potions of haste
 p - a potion of resistance
 q - 2 potions of cancellation
 r - 5 potions of curing
 s - 2 potions of magic
 v - 4 potions of might
 A - 7 potions of brilliance
 B - a potion of flight
 J - a potion of heal wounds
 V - a potion of mutation
 Z - 6 potions of berserk rage
Miscellaneous
 a - a fan of gales
 e - a lamp of fire
 j - a box of beasts
 t - a sack of spiders
 N - a phial of floods
Comestibles
 c - 20 bread rations
 u - 13 meat rations
 O - 14 royal jellies


   Skills:
 + Level 18.8 Fighting
 - Level 26.0 Axes
 - Level 14.4 Armour
 + Level 14.1 Dodging
 - Level 9.0 Spellcasting
 - Level 7.2 Necromancy
 - Level 12.1 Transmutations
 - Level 12.1 Earth Magic
 - Level 5.0 Evocations


You had 9 spell levels left.
You knew the following spells:

 Your Spells              Type           Power        Failure   Level  Hunger
a - Apportation           Tloc           #.....       7%          1    None
b - Corpse Rot            Necr           N/A          1%          2    None
c - Statue Form           Tmut/Erth      ######...    8%          6    ######.
d - Regeneration          Chrm/Necr      ###.......   4%          3    None
e - Swiftness             Chrm/Air       #.......     11%         2    None
f - Aura of Abjuration    Summ           #.........   89%         5    #####..
g - Sublimation of Blood  Necr           #####.....   1%          2    None
h - Death Channel         Necr           #####.....   50%         6    ######.
i - Control Undead        Necr           #####.....   3%          4    ###....


Dungeon Overview and Level Annotations

Branches:
Dungeon (15/15)            Temple (0/1) D:5            Lair (6/6) D:11
 Shoals (4/4) Lair:3        Snake (4/4) Lair:3        Slime (5/5) Lair:6
    Orc (2/2) D:9             Elf (3/3) Orc:2        Vaults (5/5) D:13
  Crypt (0/3) Vaults:3
 Depths: D:15

Altars:
Ashenzari
Dithmenos
Elyvilon
Gozag
Kikubaaqudgha
Vehumet
Xom
Yredelemnul
Zin
The Shining One
Beogh
Jiyva

Shops:
D:9 }   D:10 }[[[(   D:14 }   Orc:2 =[*(   Elf:3 (

Annotations:
D:12 4thArraOfDagon's ghost, journeyman MiCK


Innate Abilities, Weirdness & Mutations

You reflexively headbutt those who attack you in melee.
You have a pair of large horns on your head.
You have sharp fingernails.
You have large cloven feet.
((You are partially covered in molten scales. (AC +2)))
(You are partially covered in rugged brown scales. (AC +1, +3% HP))
You have supernaturally acute eyesight. (SInv)
You are agile. (Dex +2)
You can translocate small distances at will.
Your body sometimes deteriorates upon taking damage.
You are robust. (+10% HP)
Your movements are slightly less encumbered by armour. (ER -2)


Message History

Unknown command.
You slice the hellephant!! You kick the hellephant.
The hellephant is severely wounded.
You slice the black draconian shifter!!
The black draconian shifter writhes in agony.
You slice the dire elephant!!
The dire elephant writhes in agony.
You kill the dire elephant!
The hellephant blinks!
The black draconian shifter casts a spell.
The spatial vortex blinks!
The dire elephant blinks!
The hellephant blinks!
The dire elephant blinks!
The dire elephant tramples you!
* * * LOW HITPOINT WARNING * * *
You hold your ground!
The dire elephant misses you.
The dire elephant tramples you but does no damage.
The dire elephant trunk-slaps you but does no damage.
The spatial vortex hits you!
* * * LOW HITPOINT WARNING * * *
Space warps horribly around you!
You die...
Xom roars with laughter!

...≈≈≈ .≈≈§§
§§≈§ #≈≈. #≈§.
#... #§.Y##
#§.v8#
.≈≈≈§§YqY.8§...
..≈§§≈§...§...§
#..≈§§§§≈≈.≈≈§§
#≈.!≈≈≈########
#.§..≈≈ ###≈..≈
#.#..


You could see a hellephant, 2 dire elephants, a black draconian shifter and a
spatial vortex.

Vanquished Creatures
  the Royal Jelly (Slime:5)
  Nikola (Snake:3)
  Jorgrun (Shoals:4)
  A lich (Abyss:2)
  2 tentacled monstrosities
  A deep elf blademaster (Elf:3)
  A deep elf master archer (Elf:3)
  13 acid blobs
  A quicksilver dragon (Vaults:4)
  Polyphemus (Shoals:4)
  A tentacled starspawn (Abyss:2)
  4 sphinxes
  The ghost of p0werm0de the Blocker, an adept DsFE of Cheibriados (Slime:5)
  2 shadow dragons (Vaults:5)
  Kirke (Lair:4)
  A tengu reaver (Vaults:4)
  2 storm dragons (Vaults:4)
  6 nagarajas (Snake:4)
  Roxanne (D:14)
  Ilsuiw (Shoals:4)
  A fire giant (shapeshifter) (Elf:3)
  2 fire giants
  8 azure jellies
  2 frost giants
  The ghost of 4thArraOfDagon the Executioner, a journeyman MiCK of Xom (Elf:3)
  7 deep elf sorcerers (Elf:3)
  3 deep elf elementalists (Elf:3)
  An emperor scorpion (Shoals:1)
  8 vault wardens
  9 ironheart preservers
  2 entropy weavers
  7 stone giants
  A war gargoyle (Vaults:1)
  4 deep elf demonologists
  The ghost of p0werm0de the Spry, a journeyman FeCK of Xom (Vaults:2)
  10 deep elf annihilators (Elf:3)
  3 dire elephants
  A spark wasp (Shoals:1)
  5 deep elf death magi (Elf:3)
  8 merfolk javelineers
  3 ettins (Orc:2)
  A death ooze (Slime:5)
  3 fire dragons
  9 merfolk impalers
  5 deep elf high priests (Elf:3)
  3 yaktaur captains
  8 ogre magi
  33 vault guards
  A hydra (shapeshifter) (Vaults:5)
  A rakshasa (Vaults:2)
  3 hydras
  18 naga warriors
  10 great orbs of eyes
  A merfolk aquamancer (Shoals:1)
  2 catoblepae
  4 centaur warriors
  4 merfolk avatars
  2 alligator snapping turtles
  12 anacondas
  11 dancing weapons
  4 death knights
  3 satyrs
  4 death yaks
  34 two-headed ogres
  A deep troll shaman (Vaults:2)
  Urug (D:14)
  16 naga sharpshooters
  A large abomination (Abyss:3)
  5 thrashing horrors
  2 orc high priests
  6 shock serpents
  Nergalle (Lair:3)
  A titan skeleton (Vaults:4)
  14 deep elf knights
  2 fire crabs
  4 salamander mystics
  4 shadow wraiths
  2 unseen horrors
  A wretched star (Abyss:2)
  10 sea snakes
  2 glowing orange brains
  2 flayed ghosts (Vaults:4)
  2 starcursed masses (Abyss:3)
  2 wizards (Vaults:2)
  A spatial maelstrom (Abyss:2)
  4 deep trolls (Vaults:2)
  6 harpies
  10 deep elf archers
  A kraken simulacrum (Shoals:4)
  2 phantasmal warriors
  7 naga ritualists
  A shambling mangrove (Abyss:3)
  13 ironbrand convokers
  A necromancer (Vaults:4)
  15 orc knights
  A shining eye (Slime:5)
  30 ugly things
  16 salamanders
  13 mana vipers
  3 orc sorcerers
  27 deep elf magi
  4 fauns (Shoals:1)
  2 wolf spiders (Vaults:3)
  A wolf spider (shapeshifter) (Vaults:4)
  2 worldbinders (Abyss:2)
  12 cyclopes
  14 manticores
  A fire giant skeleton (Abyss:2)
  8 merfolk sirens
  A guardian serpent (shapeshifter) (Elf:3)
  11 elephants
  2 guardian serpents
  Maurice (D:12)
  6 water nymphs
  The ghost of 4thArraOfDagon the Chopper, a novice MiCK of Xom (D:6)
  2 apocalypse crabs (Abyss:3)
  4 vault sentinels
  9 spiny frogs
  27 naga magi
  27 black mambas
  A torpor snail (shapeshifter) (Elf:1)
  A torpor snail (Lair:6)
  An orange demon (Abyss:2)
  3 molten gargoyles (Lair:6)
  3 eyes of devastation
  A gargoyle (D:11)
  7 komodo dragons
  2 ancient zymes (Abyss:2)
  3 rime drakes
  9 yaktaurs
  An entropy weaver simulacrum (Vaults:2)
  4 freezing wraiths
  A jumping spider (Lair:6)
  34 merfolk
  10 trolls
  3 queen bees
  2 wind drakes (shapeshifter)
  5 wind drakes
  71 slime creatures
  5 blink frogs
  9 snapping turtles
  4 hornets
  6 dream sheep
  17 hippogriffs
  10 redbacks
  5 water elementals
  A redback (shapeshifter) (Abyss:2)
  Sigmund (D:3)
  7 wyverns
  3 wraiths
  6 golden eyes (Slime:5)
  4 hogs (Lair:4)
  A fire bat (Volcano)
  39 yaks
  2 fire elementals
  5 hungry ghosts
  6 basilisks
  2 chaos spawn (Abyss:2)
  3 steam dragons
  3 vampire mosquitoes
  A spatial vortex (Abyss:2)
  A soldier ant (D:12)
  A deep troll zombie (Vaults:4)
  Menkaure (D:7)
  11 wargs
  46 nagas
  5 acid dragons
  A soldier ant (shapeshifter) (Vaults:3)
  8 hell hounds
  12 water moccasins
  39 orc warriors
  9 porcupines
  4 black bears
  4 eyes of draining
  4 sky beasts
  3 ice beasts
  28 ogres
  5 phantoms
  11 wolves
  A necrophage (D:7)
  8 boggarts
  27 centaurs
  17 crocodiles
  3 big kobolds (D:12)
  An earth elemental (Elf:2)
  A human zombie (Vaults:4)
  16 bullfrogs
  A gnoll sergeant (D:8)
  A deep troll simulacrum (Vaults:4)
  3 scorpions
  3 small abominations (Abyss:2)
  The ghost of p0werm0de the Skirmisher, a weakling FoCK of Xom (D:3)
  68 killer bees
  4 wights (D:9)
  6 howler monkeys
  5 lava snakes (Lair:6)
  10 crimson imps
  A quasit (D:11)
  2 bullfrog skeletons
  2 centaur zombies
  5 hounds
  29 jellies
  24 orc wizards
  31 orc priests
  5 centaur skeletons
  An iguana (D:11)
  4 worker ants
  2 hell rats (Lair:3)
  A hound skeleton (D:5)
  A howler monkey zombie (D:5)
  8 gnolls
  12 adders
  5 shadow imps
  An ufetubus (Abyss:2)
  An ooze (D:3)
  A worm (D:5)
  3 dart slugs
  A leopard gecko (D:3)
  107 orcs
  3 goblins
  A hobgoblin (D:1)
  7 jackals
  A quokka (shapeshifter) (D:2)
  4 quokkas
  4 frilled lizards
  23 kobolds
  A leopard gecko zombie (D:5)
  3 rats
  8 fungi
  6 plants
  3 tentacles
1653 creatures vanquished.

Vanquished Creatures (collateral kills)
  An acid blob (Slime:5)
  2 merfolk impalers (Shoals:4)
  A vault guard (D:13)
  A deep elf archer (Vaults:1)
  A shining eye (Slime:2)
  A water elemental (Shoals:4)
  A boggart (Vaults:1)
  2 killer bees (D:10)
10 creatures vanquished.

Vanquished Creatures (others)
  An acid blob (Slime:5)
  A kraken (Abyss:3)
  A naga sharpshooter (Snake:2)
  A sea snake (Shoals:1)
  A troll (Orc:2)
  A hornet (D:7)
  A spriggan (shapeshifter) (Elf:2)
  An acid dragon (D:15)
  A naga (Snake:2)
  An orc warrior (Bailey)
  2 boggarts
  2 crimson imps
  An orc wizard (D:8)
  A worker ant (D:7)
  3 orcs
  27 fungi
  7 plants
  2 starspawn tentacles (Abyss:2)
  8 tentacles
  9 toadstools (Lair:2)
72 creatures vanquished.

Grand Total: 1735 creatures vanquished

Notes
Turn   | Place    | Note
-------+----------+-------------------------------------------
     0 | D:1      | 4thArraOfDagon the Minotaur Chaos Knight began the quest for the Orb.
     0 | D:1      | Reached XP level 1. HP: 19/19 MP: 0/0
    62 | D:1      | XOM: harmless Air miscast
    72 | D:1      | XOM: harmless Tmut miscast
    93 | D:1      | XOM: medium Air miscast
   150 | D:2      | Reached skill level 4 in Axes
   150 | D:2      | Reached XP level 2. HP: 27/27 MP: 1/1
   168 | D:2      | XOM: enchant monster (good)
   220 | D:2      | XOM: god gift: 28 gold pieces
   221 | D:2      | Reached XP level 3. HP: 32/33 MP: 2/2
   413 | D:3      | Noticed Sigmund
   429 | D:3      | Killed Sigmund
   429 | D:3      | Reached skill level 5 in Axes
   429 | D:3      | Reached XP level 4. HP: 29/41 MP: 3/3
   429 | D:3      | Reached XP level 5. HP: 34/47 MP: 4/4
   498 | D:3      | XOM: fake destruction
   598 | D:3      | Reached XP level 6. HP: 55/55 MP: 5/5
   666 | D:3      | Noticed p0werm0de's ghost (weakling FoCK)
   694 | D:3      | Killed p0werm0de's ghost
   694 | D:3      | Reached skill level 5 in Fighting
   694 | D:3      | Reached skill level 6 in Axes
   694 | D:3      | Noticed a sky beast
   694 | D:3      | an adder changed into a sky beast
   695 | D:3      | XOM: summons friendly quasit
   698 | D:3      | Killed a sky beast
   720 | D:3      | Found a basalt altar of Yredelemnul.
   802 | D:4      | XOM: swap monsters
   826 | D:4      | Reached XP level 7. HP: 41/61 MP: 6/6
   831 | D:4      | Found an ancient bone altar of Kikubaaqudgha.
   860 | D:4      | XOM: scenery: create altars
   959 | D:4      | XOM: medium Tloc miscast
  1028 | D:4      | Found a shimmering altar of Xom.
  1039 | D:4      | XOM: god gift: leather armour {god gift}
  1073 | D:4      | Reached skill level 7 in Axes
  1114 | D:5      | Entered Level 5 of the Dungeon
  1160 | D:5      | Found a staircase to the Ecumenical Temple.
  1244 | D:5      | Reached skill level 5 in Armour
  1331 | D:5      | XOM: potion effect (might)
  1449 | D:6      | XOM: scenery: create altars
  1457 | D:6      | Noticed 4thArraOfDagon's ghost (novice MiCK)
  1475 | D:6      | XOM: divination: magic mapping
  1478 | D:6      | XOM: harmless Hex miscast
  1501 | D:6      | Killed 4thArraOfDagon's ghost
  1501 | D:6      | Reached skill level 8 in Axes
  1501 | D:6      | Reached XP level 8. HP: 43/71 MP: 7/7
  1660 | D:7      | XOM: cast spell 'Summon Butterflies'
  1674 | D:7      | Reached skill level 5 in Dodging
  1677 | D:7      | Gained mutation: You have a pair of large horns on your head. [mutagenic meat]
  1678 | D:7      | Lost mutation: You have a pair of large horns on your head. [mutagenic meat]
  1679 | D:7      | Gained mutation: You passively map a small area around you. [mutagenic meat]
  1702 | D:7      | XOM: harmless Air miscast
  1734 | D:7      | Noticed a hornet
  1743 | D:7      | Killed a hornet
  1743 | D:7      | XOM: divine lightning
  1923 | D:7      | Got a crude war axe
  1927 | D:7      | Identified the +8 war axe "Covur" {chop, rPois MR- Int+5 Stlth+} (You found it on level 7 of the Dungeon)
  1934 | D:7      | Reached skill level 9 in Axes
  1959 | D:7      | XOM: smoke on damage
  2033 | D:7      | XOM: swap monsters
  2042 | D:7      | Found a glowing silver altar of Zin.
  2042 | D:7      | Found a glowing golden altar of the Shining One.
  2042 | D:7      | Found a white marble altar of Elyvilon.
  2064 | D:7      | Noticed Menkaure
  2076 | D:7      | Killed Menkaure
  2076 | D:7      | Reached XP level 9. HP: 79/79 MP: 8/8
  2146 | D:8      | Reached skill level 10 in Axes
  2332 | D:8      | Noticed a green ugly thing
  2345 | D:8      | Killed a green ugly thing
  2345 | D:8      | Reached skill level 11 in Axes
  2345 | D:8      | Noticed a deep elf mage
  2363 | D:8      | XOM: blink monster(s)
  2367 | D:8      | XOM: potion effect (heal wounds)
  2387 | D:8      | Killed a deep elf mage
  2387 | D:8      | Reached XP level 10. HP: 82/90 MP: 9/9
  2403 | D:8      | Noticed a manticore
  2413 | D:8      | Killed a manticore
  2454 | D:8      | XOM: divination: detect creatures
  2478 | D:8      | Reached skill level 12 in Axes
  2548 | D:8      | XOM: mild Pois miscast
  2596 | D:8      | Found a glowing golden altar of the Shining One.
  2609 | D:8      | XOM: harmless Summ miscast
  2794 | D:8      | XOM: divination: magic mapping
  2890 | D:8      | Gained mutation: You have large cloven feet. [mutagenic meat]
  2976 | D:9      | XOM: blink monster(s)
  2980 | D:9      | XOM: 1-stop teleportation journey
  3024 | D:9      | Reached skill level 1 in Evocations
  3051 | D:9      | XOM: enchant monster (bad)
  3059 | D:9      | XOM: enchant monster (bad)
  3068 | D:9      | XOM: summons 3 friendly demons
  3069 | D:9      | Reached skill level 13 in Axes
  3071 | D:9      | Reached skill level 10 in Fighting
  3164 | D:9      | Found Raicurex's Gadget Emporium.
  3187 | D:9      | XOM: fog
  3193 | D:9      | XOM: harmless Chrm miscast
  3195 | D:9      | Found a radiant altar of Vehumet.
  3197 | D:9      | Found an opulent altar of Gozag.
  3297 | D:9      | XOM: god gift: leather armour {god gift}
  3329 | D:10     | Entered Level 10 of the Dungeon
  3338 | D:10     | Got a faintly glowing ring mail
  3349 | D:10     | Identified the +1 ring mail "Lafeof" {rPois} (You found it on level 10 of the Dungeon)
  3391 | D:10     | XOM: confuse monster(s)
  3411 | D:10     | Reached XP level 11. HP: 65/99 MP: 11/11
  3491 | D:10     | Found Yqikesih's Gadget Shop.
  3510 | D:10     | Killed an unseen horror
  3539 | D:10     | XOM: scenery: create altars
  3552 | D:10     | Noticed a two-headed ogre
  3553 | D:10     | XOM: cast spell 'Cause Fear'
  3583 | D:10     | Killed a two-headed ogre
  3621 | D:10     | XOM: harmless Air miscast
  3638 | D:10     | Found Kajueh's Antique Armour Shoppe.
  3641 | D:10     | Bought a scorched buckler for 266 gold pieces
  3641 | D:10     | Bought a pair of embroidered boots for 210 gold pieces
  3642 | D:10     | XOM: cleaving
  3649 | D:10     | Identified the +2 buckler "Maixadui" {-Tele Str+4 Int+5 Stlth+} (You bought it in a shop on level 10 of the Dungeon)
  3720 | D:10     | Found Eretzih's Armour Emporium.
  3767 | D:10     | Found Coanompeno's Weapon Emporium.
  3786 | D:10     | Found Mipn's Armour Boutique.
  3857 | D:10     | Noticed a two-headed ogre
  3861 | D:10     | XOM: confuse monster(s)
  3863 | D:10     | Killed a two-headed ogre
  3891 | D:10     | XOM: give mutation
  3891 | D:10     | Gained mutation: Your movements are slightly less encumbered by armour. (ER -2) [Xom's grace]
  3921 | D:11     | Reached skill level 14 in Axes
  3969 | D:11     | XOM: scenery: 1 doors open
  3972 | D:11     | XOM: enchant monster (good)
  4170 | D:11     | Killed an unseen horror
  4304 | D:11     | XOM: divination: detect items
  4311 | D:11     | XOM: mild Pois miscast
  4340 | D:11     | Reached skill level 10 in Dodging
  4360 | D:11     | Found a staircase to the Lair.
  4375 | D:11     | Found a shadowy altar of Dithmenos.
  4383 | D:11     | Reached XP level 12. HP: 101/110 MP: 14/14
  4474 | D:11     | XOM: potion effect (haste)
  4478 | D:11     | Reached skill level 15 in Axes
  4480 | D:11     | XOM: swap monsters
  4554 | D:12     | Learned a level 1 spell: Apportation
  4589 | D:12     | Noticed Maurice
  4592 | D:12     | XOM: summons friendly shadow imp
  4598 | D:12     | Killed Maurice
  4623 | D:12     | Reached skill level 5 in Evocations
  4624 | D:12     | Noticed 4thArraOfDagon's ghost (journeyman MiCK)
  4639 | D:12     | XOM: enchant monster (good)
  4645 | D:12     | XOM: enchant monster (good)
  4699 | D:12     | Noticed a two-headed ogre
  4699 | D:12     | Noticed a two-headed ogre
  4699 | D:12     | Noticed a two-headed ogre
  4703 | D:12     | Noticed a two-headed ogre
  4706 | D:12     | Killed a two-headed ogre
  4706 | D:12     | Reached skill level 1 in Spellcasting
  4711 | D:12     | Killed a two-headed ogre
  4717 | D:12     | XOM: confusion (+ monsters)
  4721 | D:12     | XOM: chaos cloud
  4728 | D:12     | Killed a two-headed ogre
  4733 | D:12     | Killed a two-headed ogre
  4744 | D:12     | Noticed an ogre mage
  4744 | D:12     | XOM: polymorph sky beast -> black bear
  4745 | D:12     | Noticed a two-headed ogre
  4747 | D:12     | Noticed a two-headed ogre
  4751 | D:12     | Killed an ogre mage
  4754 | D:12     | Killed a two-headed ogre
  4754 | D:12     | XOM: draining
  4759 | D:12     | Noticed a two-headed ogre
  4760 | D:12     | Killed a two-headed ogre
  4760 | D:12     | Reached skill level 16 in Axes
  4845 | D:13     | Noticed a catoblepas
  4845 | D:13     | Noticed a centaur warrior
  4872 | D:13     | Noticed a centaur warrior
  4887 | D:13     | Noticed a centaur warrior
  4893 | D:13     | Killed a centaur warrior
  4894 | D:13     | Killed a centaur warrior
  4895 | D:13     | Noticed a vault guard
  4897 | D:13     | Killed a centaur warrior
  4904 | D:13     | Found a flagged portal.
  4914 | Bailey   | Entered a bailey
  5053 | Bailey   | XOM: polymorph orc -> river rat
  5096 | Bailey   | Found a roughly hewn altar of Beogh.
  5126 | Bailey   | XOM: polymorph orc knight -> sea snake
  5132 | Bailey   | XOM: enchant monster (good)
  5133 | Bailey   | XOM: noise
  5149 | Bailey   | XOM: polymorph orc warrior -> blink frog
  5156 | Bailey   | Got a transparent executioner's axe {pain}
  5178 | Bailey   | Reached skill level 17 in Axes
  5178 | Bailey   | Reached XP level 13. HP: 105/116 MP: 16/16
  5182 | D:13     | Identified the +12 executioner's axe of Perfectionism {pain, +Fly} (You found it in a bailey)
  5183 | D:13     | :O
  5256 | D:13     | XOM: 3-stop teleportation journey
  5334 | D:13     | Reached skill level 18 in Axes
  5447 | D:13     | Reached XP level 14. HP: 84/124 MP: 17/17
  5592 | D:13     | XOM: potion effect (haste)
  5593 | D:13     | XOM: divine lightning
  5608 | D:13     | XOM: give mutations
  5608 | D:13     | Gained mutation: You are agile. (Dex +2) [Xom's grace]
  5608 | D:13     | Gained mutation: You possess an exceptional clarity of mind. [Xom's grace]
  5608 | D:13     | Gained mutation: You have sharp fingernails. [Xom's grace]
  5677 | D:13     | Reached skill level 19 in Axes
  5689 | D:13     | Found a gate to the Vaults.
  5773 | D:13     | Gained mutation: You are partially covered in yellow scales. (AC +2) [mutagenic meat]
  5774 | D:13     | Lost mutation: You possess an exceptional clarity of mind. [mutagenic meat]
  5787 | D:13     | Found a glowing golden altar of the Shining One.
  5823 | D:14     | Noticed Roxanne
  5823 | D:14     | XOM: butterfly on damage
  5825 | D:14     | XOM: summons 2 friendly demons
  5827 | D:14     | XOM: swap monsters
  5880 | D:14     | XOM: repel stairs
  5883 | D:14     | XOM: potion effect (brilliance)
  5894 | D:14     | XOM: confusion (+ monsters)
  5900 | D:14     | Noticed Urug
  5920 | D:14     | XOM: swap monsters
  5926 | D:14     | Killed Urug
  5980 | D:14     | Found Katzam's Gadget Shop.
  6033 | D:14     | Got a twisted robe
  6069 | D:14     | XOM: harmless Air miscast
  6071 | D:14     | XOM: enchant monster (good)
  6171 | D:15     | Entered Level 15 of the Dungeon
  6178 | D:15     | XOM: blink monster(s)
  6287 | D:14     | Learned a level 2 spell: Corpse Rot
  6333 | D:14     | XOM: cleaving
  6342 | D:14     | Killed Roxanne
  6343 | D:14     | Identified Roxanne's Tome of Stones (You took it off Roxanne on level 14 of the Dungeon)
  6351 | D:14     | Learned a level 6 spell: Statue Form
  6425 | D:12     | XOM: enchant monster (bad)
  6495 | D:12     | Reached skill level 1 in Earth Magic
  6504 | D:12     | XOM: fog
  6511 | D:12     | Reached skill level 1 in Transmutations
  6557 | D:12     | XOM: fake destruction
  6823 | D:9      | Found a staircase to the Orcish Mines.
  6832 | Orc:1    | Entered Level 1 of the Orcish Mines
  6870 | Orc:1    | XOM: confusion
  6871 | Orc:1    | XOM: 1-stop teleportation journey
  6922 | Orc:1    | XOM: enchant monster (bad)
  6927 | Orc:1    | XOM: fog
  6959 | Orc:1    | XOM: divination: magic mapping
  6973 | Orc:1    | Found a roughly hewn altar of Beogh.
  6990 | Orc:1    | XOM: give mutations
  6990 | Orc:1    | Gained mutation: You are partially covered in molten scales. (AC +2) [Xom's grace]
  6990 | Orc:1    | Gained mutation: You have hoof-like feet. [Xom's grace]
  6997 | Orc:1    | Found a dark tunnel.
  7004 | Volcano  | Entered a volcano
  7189 | Orc:1    | Reached skill level 20 in Axes
  7201 | Orc:1    | XOM: give mutations
  7201 | Orc:1    | Gained mutation: You are very agile. (Dex +4) [Xom's grace]
  7201 | Orc:1    | Gained mutation: You have a pair of large horns on your head. [Xom's grace]
  7201 | Orc:1    | Gained mutation: Your mind is acute. (Int +2) [Xom's grace]
  7201 | Orc:1    | Gained mutation: You can translocate small distances at will. [Xom's grace]
  7311 | Orc:1    | XOM: fog
  7316 | Orc:1    | XOM: 1-stop teleportation journey
  7328 | Orc:1    | Reached skill level 5 in Spellcasting
  7366 | Orc:2    | XOM: stealth player
  7366 | Orc:2    | Entered Level 2 of the Orcish Mines
  7442 | Orc:2    | Found Cuow's Jewellery Emporium.
  7466 | Orc:2    | XOM: harmless Air miscast
  7468 | Orc:2    | Found a staircase to the Elven Halls.
  7474 | Orc:2    | Found Plog's Antique Armour Shop.
  7477 | Orc:2    | XOM: swap monsters
  7488 | Orc:2    | XOM: chaos cloud
  7523 | Orc:2    | XOM: chaos upgrade
  7527 | Orc:2    | XOM: mild Air miscast
  7597 | Orc:2    | Noticed a stone giant
  7604 | Orc:2    | Killed a stone giant
  7604 | Orc:2    | Reached XP level 15. HP: 96/130 MP: 21/21
  7637 | Orc:2    | XOM: scenery: create altars
  7650 | Orc:2    | Bought a fine plate armour for 924 gold pieces
  7687 | Orc:2    | Identified the +7 plate armour "Feusar" {+Inv Str-3 Dex+4 Slay+2} (You bought it in a shop on level 2 of the Orcish Mines)
  7863 | Orc:2    | Found Uklo's General Store.
  7872 | Orc:2    | Bought a potion of heal wounds for 65 gold pieces
  7910 | Orc:2    | Found a roughly hewn altar of Beogh.
  7926 | Orc:2    | XOM: 2-stop teleportation journey
  7960 | Orc:2    | Found Rotuen's Antique Weapon Boutique.
  8138 | Elf:1    | Entered Level 1 of the Elven Halls
  8183 | Elf:1    | XOM: fog
  8270 | Elf:2    | XOM: butterfly on damage
  8342 | Elf:1    | XOM: 1-stop teleportation journey
  8353 | Elf:1    | XOM: fog
  8437 | Elf:3    | Entered Level 3 of the Elven Halls
  8468 | Elf:3    | Noticed 4thArraOfDagon's ghost (journeyman MiCK)
  8497 | Elf:3    | XOM: noise
  8500 | Elf:3    | Killed 4thArraOfDagon's ghost
  8537 | Elf:3    | XOM: mild Air miscast
  8704 | Elf:3    | Reached skill level 21 in Axes
  8711 | Elf:3    | Noticed a deep elf sorcerer
  8714 | Elf:3    | XOM: confusion (+ monsters)
  8715 | Elf:3    | XOM: confuse monster(s)
  8721 | Elf:3    | Killed a deep elf sorcerer
  8722 | Elf:3    | XOM: harmless Air miscast
  8848 | Elf:3    | Found Juso's Antique Weapon Emporium.
  8875 | Elf:3    | XOM: noise
  8877 | Elf:3    | XOM: harmless Summ miscast
  8878 | Elf:3    | XOM: cleaving
  9151 | Elf:3    | XOM: polymorph deep elf mage -> mana viper
  9370 | Elf:3    | XOM: potion effect (agility)
  9386 | Elf:3    | XOM: noise
  9483 | Elf:3    | Reached skill level 10 in Armour
  9487 | Elf:3    | XOM: scenery: 3 doors close
  9525 | Elf:3    | XOM: cleaving
  9601 | Elf:3    | XOM: destruction
  9603 | Elf:3    | Reached XP level 16. HP: 133/147 MP: 22/22
  9656 | Elf:3    | XOM: cleaving
  9782 | Elf:3    | XOM: fog
  9790 | Elf:3    | XOM: cast spell 'Disjunction'
  9803 | Elf:3    | XOM: confuse monster(s)
  9860 | Elf:3    | Reached skill level 15 in Fighting
  9898 | Elf:3    | Cast into level 3 of the Abyss (a deep elf sorcerer)
  9915 | Abyss:3  | Noticed a kraken
  9922 | Abyss:3  | Noticed a tentacled monstrosity
  9925 | Abyss:3  | Killed a kraken
  9925 | Abyss:3  | Reached skill level 22 in Axes
  9931 | Abyss:3  | XOM: potion effect (might)
  9944 | Abyss:3  | Killed a tentacled monstrosity
  9959 | Abyss:3  | XOM: scenery: 1 doors close
 10007 | Abyss:3  | XOM: summons friendly iron imp
 10022 | Elf:3    | Escaped the Abyss
 10056 | Elf:3    | Cast into level 2 of the Abyss (a deep elf sorcerer)
 10057 | Abyss:2  | Found a corrupted altar of Lugonu.
 10101 | Abyss:2  | Noticed a lich
 10111 | Abyss:2  | XOM: cast spell 'Cause Fear'
 10114 | Abyss:2  | Noticed a tentacled starspawn
 10116 | Abyss:2  | Killed a lich
 10118 | Abyss:2  | Killed a tentacled starspawn
 10193 | Abyss:2  | XOM: polymorph quasit -> shadow imp
 10261 | Elf:3    | Escaped the Abyss
 10320 | Elf:3    | XOM: confuse monster(s)
 10355 | Elf:3    | XOM: cloud trail
 10374 | Elf:3    | Got a smoking jade amulet
 10429 | Elf:3    | Cast into level 2 of the Abyss (a deep elf sorcerer)
 10519 | Abyss:2  | XOM: mild Ice miscast
 10606 | Abyss:2  | XOM: confuse monster(s)
 10607 | Abyss:2  | XOM: confuse monster(s)
 10617 | Elf:3    | Escaped the Abyss
 10618 | Elf:3    | XOM: potion effect (curing)
 10622 | Elf:3    | XOM: divination: detect creatures
 10629 | Elf:3    | XOM: noise
 10652 | Elf:3    | Reached skill level 23 in Axes
 10706 | Elf:3    | Noticed a deep elf master archer
 10708 | Elf:3    | XOM: 1-stop teleportation journey
 10709 | Elf:3    | Noticed a deep elf blademaster
 10814 | Elf:3    | a deep elf master archer changed into a fire giant
 10814 | Elf:3    | XOM: polymorph deep elf master archer -> fire giant
 10818 | Elf:3    | XOM: potion effect (brilliance)
 10905 | Elf:3    | XOM: confuse monster(s)
 10910 | Elf:3    | Reached XP level 17. HP: 108/161 MP: 23/23
 10942 | Elf:3    | Killed a deep elf blademaster
 11034 | Elf:3    | Noticed a deep elf master archer
 11049 | Elf:3    | Killed a deep elf master archer
 11058 | Elf:3    | XOM: cast spell 'Summon Butterflies'
 11060 | Elf:3    | XOM: summons friendly crimson imp
 11087 | Elf:3    | Identified the amulet "Lodaetycw" {Reflect rElec rC+++ Str-2 Dex-5 SH+6} (You took it off a deep elf elementalist on level 3 of the Elven Halls)
 11094 | Elf:3    | Got a clouded zirconium amulet
 11111 | Elf:3    | Learned a level 3 spell: Regeneration
 11142 | Elf:3    | XOM: give mutations
 11142 | Elf:3    | Lost mutation: You have hoof-like feet. [Xom's mischief]
 11142 | Elf:3    | Lost mutation: You are very agile. (Dex +4) [Xom's mischief]
 11142 | Elf:3    | Gained mutation: You are weak. (Str -2) [Xom's mischief]
 11142 | Elf:3    | Lost mutation: You are partially covered in yellow scales. (AC +2) [Xom's mischief]
 11159 | Elf:3    | Learned a level 2 spell: Swiftness
 11166 | Elf:3    | Got a faintly glowing granite ring
 11168 | Elf:3    | Identified the ring of Nongeuru {rCorr MR+++} (You found it on level 3 of the Elven Halls)
 11175 | Elf:3    | Identified the amulet of Hatukk {Spirit rElec rPois rN+ Str-2} (You found it on level 3 of the Elven Halls)
 11286 | Orc:2    | Bought the ring of Impatience {Ice rElec Int-2 Slay+4 Stlth-} for 602 gold pieces
 11399 | Lair:1   | Entered Level 1 of the Lair of Beasts
 11428 | Lair:1   | Got a faintly glowing leather armour
 11439 | Lair:1   | Identified the cursed +0 leather armour of the Shining One's Whim {+Blink rPois rF- Dex-4} (You found it on level 1 of the Lair of Beasts)
 11450 | Lair:1   | Identified the +1 robe of Faufihuc {Int+3} (You took it off an orc wizard on level 14 of the Dungeon)
 11496 | Lair:1   | XOM: swap monsters
 11527 | Lair:1   | XOM: divination: detect items
 11548 | Lair:1   | Reached skill level 1 in Necromancy
 11599 | Lair:1   | XOM: blink monster(s)
 11814 | Lair:2   | XOM: 1-stop teleportation journey
 11822 | Lair:2   | Got a fine hand axe
 11852 | Lair:3   | Noticed Nergalle
 11856 | Lair:3   | Killed Nergalle
 11901 | Lair:4   | XOM: summons friendly iron imp
 11903 | Lair:4   | XOM: harmless Fire miscast
 11934 | Lair:4   | Got a faintly glowing robe
 11981 | Lair:4   | Identified 2 scrolls of acquirement
 12048 | Lair:4   | Found a shattered altar of Ashenzari.
 12050 | Lair:4   | Noticed Kirke
 12059 | Lair:4   | Killed Kirke
 12160 | Lair:4   | Identified the cursed +1 hand axe of Gluttony {flame, *Corrode rPois rC+ Int+4} (You found it on level 2 of the Lair of Beasts)
 12219 | Lair:6   | Entered Level 6 of the Lair of Beasts
 12235 | Lair:6   | Found a staircase to the Slime Pits.
 12340 | Lair:6   | XOM: confusion (+ monsters)
 12370 | Lair:6   | Identified the +4 robe of Sunlight {rF+ Str-3 Dex+3} (You found it on level 4 of the Lair of Beasts)
 12437 | Lair:5   | XOM: give mutations
 12437 | Lair:5   | Gained mutation: You are very weak. (Str -4) [Xom's mischief]
 12437 | Lair:5   | Lost mutation: You have a pair of large horns on your head. [Xom's mischief]
 12437 | Lair:5   | Lost mutation: Your mind is acute. (Int +2) [Xom's mischief]
 12437 | Lair:5   | Gained mutation: Your body sometimes deteriorates upon taking damage. [Xom's mischief]
 12464 | Lair:6   | XOM: harmless Ice miscast
 12519 | Lair:6   | XOM: polymorph dream sheep -> jumping spider
 12605 | Lair:6   | Found a large runed door.
 12610 | Lair:6   | XOM: enchant monster (bad)
 12637 | Lair:6   | XOM: medium Fire miscast
 12642 | Lair:6   | XOM: blink monster(s)
 12647 | Lair:6   | Found a large runed door.
 12654 | Lair:6   | XOM: confusion
 13178 | Lair:5   | XOM: mild Pois miscast
 13192 | Lair:5   | XOM: summons 8 hostile demons
 13256 | Lair:5   | pedritolo: wtf is that axe ffs?
 13327 | Lair:5   | pedritolo: pain brand, but still
 13336 | Lair:5   | XOM: summons 1 hostile shadow creature
 13360 | Lair:5   | Got a glittering platinum amulet
 13406 | Lair:4   | 4thArraOfDagon: haha yea
 13406 | Lair:4   | 4thArraOfDagon: insane shjit
 13529 | Lair:3   | Found a staircase to the Snake Pit.
 13532 | Lair:3   | XOM: swap monsters
 13587 | Lair:3   | XOM: enchant monster (bad)
 13617 | Snake:1  | Entered Level 1 of the Snake Pit
 13635 | Snake:1  | XOM: severe Summ miscast
 13639 | Snake:1  | XOM: chaos cloud
 13680 | Snake:1  | XOM: swap monsters
 13687 | Snake:1  | XOM: mild Conj miscast
 13810 | Snake:2  | Reached skill level 24 in Axes
 13843 | Snake:2  | XOM: potion effect (agility)
 13852 | Snake:2  | XOM: cast spell 'Olgreb's Toxic Radiance'
 13870 | Snake:2  | XOM: scenery: 4 doors open, 1 doors close
 13904 | Snake:2  | XOM: cast spell 'Summon Small Mammal'
 13918 | Snake:2  | XOM: god gift: 19 gold pieces
 14083 | Snake:2  | XOM: enchant monster (good)
 14085 | Snake:2  | XOM: destruction
 14106 | Snake:2  | Reached skill level 5 in Necromancy
 14122 | Snake:2  | XOM: enchant monster (good)
 14129 | Snake:2  | XOM: summons friendly crimson imp
 14201 | Snake:2  | Reached XP level 18. HP: 77/172 MP: 24/24
 14297 | Snake:1  | XOM: god gift: falchion {god gift}
 14355 | Snake:1  | XOM: scenery: 1 doors close
 14390 | Snake:1  | XOM: god gift: 8 steel tomahawks
 14530 | Snake:3  | Found a flickering gateway to a bazaar.
 14541 | Bazaar   | Entered a bazaar
 14541 | Bazaar   | Found Senifo's Book Emporium.
 14544 | Bazaar   | Found Plog's Distillery.
 14552 | Bazaar   | Found Omybel's Antique Armour Shop.
 14552 | Bazaar   | Found Wan Uvvo's Armour Shop.
 14552 | Bazaar   | XOM: 3-stop teleportation journey
 14592 | Bazaar   | Bought a pair of embroidered gloves for 150 gold pieces
 14603 | Bazaar   | Bought a pair of runed gloves for 150 gold pieces
 14632 | Bazaar   | Bought a potion of curing for 42 gold pieces
 14632 | Bazaar   | Bought a potion of mutation for 112 gold pieces
 14632 | Bazaar   | Bought a potion of haste for 140 gold pieces
 14632 | Bazaar   | Bought 2 potions of mutation for 224 gold pieces
 14692 | Snake:3  | XOM: scenery: create altars
 14701 | Snake:3  | XOM: confusion (+ monsters)
 14715 | Snake:3  | XOM: chaos upgrade
 14764 | Snake:3  | XOM: noise
 14897 | Snake:3  | Identified the amulet "Guafer" {RegenMP Int+5 Dex-3 SInv} (You found it on level 5 of the Lair of Beasts)
 14910 | Snake:3  | Noticed Nikola
 14924 | Snake:3  | Killed Nikola
 14925 | Snake:3  | XOM: confusion
 14933 | Snake:3  | XOM: swap monsters
 14946 | Snake:3  | XOM: potion effect (agility)
 14947 | Snake:3  | XOM: scenery: create altars
 15048 | Snake:3  | XOM: 5-stop teleportation journey
 15093 | Snake:3  | Found a runed door.
 15185 | Snake:3  | XOM: cast spell 'Alistair's Intoxication'
 15333 | Snake:3  | XOM: give mutation
 15333 | Snake:3  | Lost mutation: You passively map a small area around you. [Xom's mischief]
 15410 | Snake:3  | XOM: polymorph nagaraja -> dire elephant
 15454 | Snake:3  | Got an ancient glass ring
 15456 | Snake:3  | Identified the ring of Divine Compulsion {+Inv rPois MP+9 Int+3} (You took it off a naga warrior on level 3 of the Snake Pit)
 15500 | Snake:3  | XOM: cloud trail
 15535 | Snake:4  | Entered Level 4 of the Snake Pit
 15637 | Snake:4  | XOM: god gift: potion of brilliance
 15756 | Snake:4  | XOM: 8-stop teleportation journey
 15759 | Snake:4  | XOM: summons friendly ufetubus
 15764 | Snake:4  | XOM: enchant monster (bad)
 15793 | Snake:4  | XOM: chaos cloud
 15800 | Snake:4  | Reached skill level 25 in Axes
 15800 | Snake:4  | Reached XP level 19. HP: 112/179 MP: 25/25
 15805 | Snake:4  | XOM: enchant monster (bad)
 15806 | Snake:4  | Found the +4 moon troll leather armour {Spirit, Regen++ MP+5}
 15938 | Snake:4  | XOM: silly message
 16054 | Snake:4  | XOM: 1-stop teleportation journey
 16089 | Snake:4  | XOM: 2-stop teleportation journey
 16090 | Snake:4  | XOM: 2-stop teleportation journey
 16096 | Snake:4  | XOM: scenery: create altars
 16097 | Snake:4  | Got a serpentine rune of Zot
 16148 | Snake:4  | XOM: swap monsters
 16247 | Snake:4  | pedritolo: gl. I really wish i could stay and watch this
 16261 | Snake:4  | XOM: scenery: create altars
 16477 | Snake:4  | XOM: cleaving
 16514 | Snake:4  | XOM: cast spell 'Olgreb's Toxic Radiance'
 16572 | Snake:4  | XOM: potion effect (haste)
 16701 | Snake:4  | Reached skill level 5 in Earth Magic
 16834 | Snake:1  | Reached skill level 5 in Transmutations
 16858 | Snake:1  | XOM: harmless Summ miscast
 16942 | Lair:3   | XOM: divination: detect items
 16943 | Lair:3   | Found a staircase to the Shoals.
 16955 | Lair:3   | Reached XP level 20. HP: 167/187 MP: 27/27
 17163 | Lair:3   | XOM: god gift: robe {god gift}
 17198 | Shoals:1 | Entered Level 1 of the Shoals
 17234 | Shoals:1 | XOM: noise
 17237 | Shoals:1 | XOM: summons friendly quasit
 17277 | Shoals:1 | XOM: enchant monster (bad)
 17379 | Shoals:1 | XOM: 1-stop teleportation journey
 17380 | Shoals:1 | XOM: mild Conj miscast
 17384 | Shoals:1 | XOM: noise
 17401 | Shoals:1 | XOM: 1-stop teleportation journey
 17482 | Shoals:1 | XOM: confusion (+ monsters)
 17518 | Shoals:1 | XOM: polymorph merfolk javelineer -> spark wasp
 17599 | Shoals:1 | XOM: enchant monster (bad)
 17604 | Shoals:1 | XOM: enchant monster (bad)
 17630 | Shoals:1 | XOM: polymorph merfolk avatar -> emperor scorpion
 17842 | Shoals:2 | Identified the +5 scythe "Bipt" {freeze, rF- rC+++ Int+8 Dex-3} (You found it on level 2 of the Shoals)
 18052 | Shoals:3 | XOM: cast spell 'Alistair's Intoxication'
 18150 | Shoals:3 | XOM: enchant monster (good)
 18348 | Shoals:3 | XOM: polymorph merfolk -> sea snake
 18406 | Shoals:3 | XOM: smoke on damage
 18462 | Shoals:4 | Entered Level 4 of the Shoals
 18474 | Shoals:4 | Noticed Ilsuiw
 18474 | Shoals:4 | XOM: fake destruction
 18477 | Shoals:4 | XOM: enchant monster (bad)
 18484 | Shoals:4 | Killed Ilsuiw
 18593 | Shoals:4 | XOM: smoke on damage
 18746 | Shoals:4 | XOM: confuse monster(s)
 18750 | Shoals:4 | XOM: harmless Tmut miscast
 18752 | Shoals:4 | Reached skill level 26 in Axes
 18753 | Shoals:4 | XOM: blink monster(s)
 18757 | Shoals:4 | Identified the Reference Book on Summoning and Confrontation
 18768 | Shoals:4 | Learned a level 5 spell: Aura of Abjuration
 18837 | Shoals:4 | Identified the +6 glaive "Kaurph" {flame, Str+4 SInv} (You found it on level 4 of the Shoals)
 18908 | Shoals:4 | XOM: summons 15 friendly demons
 18911 | Shoals:4 | XOM: mild Chrm miscast
 18922 | Shoals:4 | XOM: divination: detect items
 18924 | Shoals:4 | XOM: summons 14 friendly demons
 19005 | Shoals:4 | Got a barnacled rune of Zot
 19015 | Shoals:4 | XOM: blink monster(s)
 19065 | Shoals:4 | XOM: 7-stop teleportation journey
 19073 | Shoals:4 | Noticed Jorgrun
 19076 | Shoals:4 | Noticed Polyphemus
 19091 | Shoals:4 | Killed Jorgrun
 19092 | Shoals:4 | Killed Polyphemus
 19122 | Shoals:4 | XOM: confusion (+ monsters)
 19221 | Shoals:4 | XOM: blink monster(s)
 19288 | Shoals:4 | XOM: harmless Air miscast
 19327 | Shoals:2 | XOM: 7-stop teleportation journey
 19333 | Shoals:2 | XOM: 5-stop teleportation journey
 19342 | Shoals:2 | XOM: divination: magic mapping
 19499 | Slime:1  | Entered Level 1 of the Pits of Slime
 19600 | Slime:2  | Gained mutation: Your magical capacity is low. (-10% MP) [a shining eye]
 19601 | Slime:2  | Gained mutation: Scrolls take you a little longer to read. [a shining eye]
 19620 | Slime:2  | Lost mutation: Your magical capacity is low. (-10% MP) [potion of mutation]
 19620 | Slime:2  | Lost mutation: Your body sometimes deteriorates upon taking damage. [potion of mutation]
 19620 | Slime:2  | Gained mutation: Your body sometimes deteriorates upon taking damage. [potion of mutation]
 19620 | Slime:2  | Gained mutation: You have a pair of large horns on your head. [potion of mutation]
 19621 | Slime:2  | Lost mutation: Scrolls take you a little longer to read. [potion of mutation]
 19621 | Slime:2  | Lost mutation: You are agile. (Dex +2) [potion of mutation]
 19621 | Slime:2  | Lost mutation: You are very weak. (Str -4) [potion of mutation]
 19621 | Slime:2  | Gained mutation: You are robust. (+10% HP) [potion of mutation]
 19621 | Slime:2  | Gained mutation: You are partially covered in rugged brown scales. (AC +1, +3% HP) [potion of mutation]
 19665 | Slime:2  | XOM: harmless Tmut miscast
 19686 | Slime:2  | XOM: summons friendly iron imp
 19688 | Slime:3  | XOM: summons 3 friendly demons
 19742 | Slime:2  | XOM: 3-stop teleportation journey
 19783 | Slime:3  | Reached XP level 21. HP: 150/219 MP: 29/30
 19802 | Slime:3  | Found a viscous altar of Jiyva.
 19833 | Slime:4  | XOM: mild Fire miscast
 19851 | Slime:4  | XOM: mild Pois miscast
 19883 | Slime:4  | XOM: confuse monster(s)
 19946 | Slime:5  | Entered Level 5 of the Pits of Slime
 19969 | Slime:5  | XOM: harmless Fire miscast
 20021 | Slime:5  | Noticed p0werm0de's ghost (adept DsFE)
 20054 | Slime:5  | Killed p0werm0de's ghost
 20055 | Slime:5  | RIP bud!
 20144 | Slime:5  | Found a viscous altar of Jiyva.
 20147 | Slime:5  | Noticed the Royal Jelly
 20148 | Slime:5  | Found the +8 lance "Wyrmbane" {slay drac, rPois rF+ rC+ AC+3}
 20163 | Slime:5  | Killed the Royal Jelly
 20172 | Slime:5  | XOM: cast spell 'Death Channel'
 20173 | Slime:5  | XOM: enchant monster (good)
 20178 | Slime:5  | tidbits: !hs * mick
 20178 | Slime:5  | beem: 10908. MrChinwatt the Minotaur Porcupine (L27 MiCK of The Shining One), escaped with the Orb and 15 runes on 2016-06-09 18:00:52, with 21461642 points after 70928 turns and 6:57:32.
 20180 | Slime:5  | XOM: summons 2 friendly demons
 20201 | Slime:5  | XOM: divination: magic mapping
 20205 | Slime:5  | XOM: cast spell 'Summon Butterflies'
 20243 | Slime:4  | tidbits: dump pls
 20251 | Slime:4  | tidbits: ty
 20251 | Slime:4  | 4thArraOfDagon: there you go
 20268 | Slime:4  | XOM: potion effect (brilliance)
 20269 | Slime:4  | XOM: divination: magic mapping
 20306 | Slime:5  | Gained mutation: You are occasionally teleported next to monsters. [a shining eye]
 20319 | Slime:5  | Identified Cuaj's Disquisition on Igneous Weightlessness
 20321 | Slime:5  | Got a slimy rune of Zot
 20327 | Slime:5  | Identified the +6 scale mail of the Harp {-Cast MP+9 Str+4 Stlth+} (You found it on level 5 of the Pits of Slime)
 20330 | Slime:5  | tidbits: man you're coasting now
 20344 | Slime:5  | XOM: mild Erth miscast
 20364 | Slime:5  | Found the +3 pair of gauntlets of War {Slay+5}
 20390 | Slime:5  | Learned a level 2 spell: Sublimation of Blood
 20418 | Slime:5  | Identified the +9 great sword of Hifeh {slice, rPois Str+2} (You found it on level 5 of the Pits of Slime)
 20431 | Slime:5  | Learned a level 6 spell: Death Channel
 20436 | Slime:5  | Learned a level 4 spell: Control Undead
 20460 | Slime:5  | Lost mutation: You are occasionally teleported next to monsters. [potion of mutation]
 20460 | Slime:5  | Lost mutation: You are weak. (Str -2) [potion of mutation]
 20460 | Slime:5  | Gained mutation: You have supernaturally acute eyesight. (SInv) [potion of mutation]
 20460 | Slime:5  | Gained mutation: You are agile. (Dex +2) [potion of mutation]
 20466 | Slime:5  | tidbits: careful play is like 25 turns now?
 20466 | Slime:5  | tidbits: 25k
 20466 | Slime:5  | 4thArraOfDagon: 20
 20466 | Slime:5  | tidbits: kk
 20466 | Slime:5  | 4thArraOfDagon: but im not aiming for anything
 20466 | Slime:5  | 4thArraOfDagon: just want to play with the flow of the game
 20487 | Slime:5  | tidbits: i should learn that
 20522 | Lair:6   | tidbits: i aim 5k orc:2 or die
 20664 | D:11     | 4thArraOfDagon: what combo?
 20664 | D:11     | tidbits: any
 20664 | D:11     | tidbits: haha
 20664 | D:11     | 4thArraOfDagon: o haha
 20664 | D:11     | tidbits: gnolls now mostly
 20664 | D:11     | tidbits: gnsk is so coasting
 20664 | D:11     | tidbits: it's just so hard to find statue nowadays
 20664 | D:11     | 4thArraOfDagon: yea
 20664 | D:11     | tidbits: just the starter books all around
 20664 | D:11     | 4thArraOfDagon: I find it extremly rare
 20664 | D:11     | 4thArraOfDagon: but once you get it the game seems trivial
 20664 | D:11     | tidbits: that's the ticket
 20735 | Vaults:1 | Entered Level 1 of the Vaults
 20801 | Vaults:1 | XOM: harmless Chrm miscast
 20805 | Vaults:1 | XOM: summons 5 friendly demons
 20806 | Vaults:1 | XOM: confusion (+ monsters)
 20809 | Vaults:1 | Reached skill level 10 in Earth Magic
 20813 | Vaults:1 | Reached skill level 10 in Transmutations
 20844 | Vaults:1 | XOM: scenery: 2 doors open
 20933 | Vaults:1 | XOM: cast spell 'Cause Fear'
 21056 | Vaults:1 | XOM: blink monster(s)
 21057 | Vaults:1 | XOM: enchant monster (bad)
 21158 | Vaults:1 | XOM: confusion (+ monsters)
 21166 | Vaults:1 | XOM: cast spell 'Summon Horrible Things'
 21513 | Vaults:2 | XOM: confuse monster(s)
 21625 | Vaults:3 | XOM: enchant monster (good)
 21632 | Vaults:3 | XOM: harmless Erth miscast
 21669 | Vaults:2 | XOM: noise
 21702 | Vaults:2 | Noticed p0werm0de's ghost (journeyman FeCK)
 21706 | Vaults:2 | XOM: enchant monster (good)
 21710 | Vaults:2 | XOM: cast spell 'Leda's Liquefaction'
 21719 | Vaults:2 | Killed p0werm0de's ghost
 21734 | Vaults:2 | XOM: scenery: 2 doors close
 21740 | Vaults:2 | Reached XP level 22. HP: 193/228 MP: 33/33
 21741 | Vaults:2 | XOM: confuse monster(s)
 21882 | Vaults:2 | XOM: silly message
 21975 | Vaults:3 | XOM: harmless Tmut miscast
 22100 | Vaults:3 | XOM: potion effect (magic)
 22157 | Vaults:3 | XOM: scenery: 1 doors open, 1 doors close
 22187 | Vaults:2 | Paralysed by a wizard for 3 turns
 22229 | Vaults:2 | XOM: polymorph fire dragon -> satyr
 22286 | Vaults:3 | XOM: potion effect (haste)
 22500 | Vaults:3 | Rhok: Oo
 22507 | Vaults:3 | Rhok: oO
 22525 | Vaults:3 | XOM: god gift: scroll of noise
 22536 | Vaults:3 | Found a staircase to the Crypt.
 22649 | Vaults:4 | XOM: smoke on damage
 22819 | Vaults:4 | XOM: divine lightning
 22874 | Vaults:4 | XOM: polymorph vault warden -> quicksilver dragon
 22878 | Vaults:4 | XOM: cleaving
 22898 | Vaults:4 | XOM: polymorph orc knight -> mana viper
 23080 | Vaults:4 | XOM: god gift: wand of acid (?/15) {god gift}
 23132 | Vaults:4 | XOM: polymorph ice dragon -> fire dragon
 23215 | Vaults:4 | XOM: god gift: robe {god gift}
 23239 | Vaults:5 | Entered Level 5 of the Vaults
 23323 | Vaults:5 | Reached XP level 23. HP: 238/238 MP: 35/35
 23327 | Vaults:5 | XOM: 1-stop teleportation journey
 23332 | Vaults:5 | XOM: divine lightning
 23336 | Vaults:5 | Noticed an ancient lich
 23337 | Vaults:5 | Cast into level 5 of the Abyss (an ancient lich)
 23337 | Abyss:5  | Entered Level 5 of the Abyss
 23344 | Abyss:5  | HP: 13/309 [hellephant (22)]
 23346 | Abyss:5  | Mangled by a spatial vortex

Vault maps used:
D:1:      lemuel_arrival_lava_pool, hangedman_decor_points
D:2:      marbit_many_paths
D:3:      yredelemnul_altar_generic, nemelex_xobeh_ov_fountains_minmay,
          uniq_sigmund
D:4:      kennysheep_mini_moat, first_bread, led_xom_imps
D:5:      minmay_temple_entry_grid, minmay_joined_circles
D:6:      uniq_prince_ribbit1
D:7:      good_gods_mini_temple, uniq_menkaure
D:8:      minmay_bloctagon, minitemple, lemuel_coloured_pillars_altar,
          basic_altar
D:9:      chequers_temple_overflow_statue_of_worship, orc_0_dummy, serial_shops,
          nicolae_shop_behind_doors
D:10:     serial_shops, shop, nicolae_shop_crystal, shop, shop, shop_fountains,
          david_nohive_1, kennysheep_cluttered_room, minivault_16
D:11:     due_lair_maze_entry_diamond, special_room,
          grunt_dithmenos_smoke_and_mirrors
D:12:     uniq_maurice
D:13:     erik_vaults_2, basic_altar, enter_bailey_2, kennysheep_generic_room_6
D:14:     minmay_misc_feat_roman, serial_shops, nicolae_shop_statue_plus,
          uniq_roxanne, uniq_urug
D:15:     gammafunk_depths_entry_grave
Lair:1:   grunt_megastairs_3
Lair:2:   gammafunk_lair_enchanted_lake
Lair:3:   regret_index_wax_grids, elwin_shoals_entry_stream,
          minmay_snake_entry_guardpost_small, hibernation_bobbens, uniq_nergalle
Lair:4:   basic_altar, uniq_kirke
Lair:5:   grunt_forest_small_clearings, serial_bayou_shore_b
Lair:6:   cheibrodos_lair_end_hotspot, minmay_slime_entry_jelly_boxes,
          lemuel_oklob_altar, infiniplex_staircase_pool_2
Shoals:1: nicolae_shoals_flooded_hall
Shoals:3: nicolae_shoals_seven_spires
Shoals:4: shoals_end_grunt_ice, shoals_ilsuiw_ice, uniq_polyphemus, uniq_jorgrun
Snake:1:  grunt_megastairs_1, uniq_aizul
Snake:2:  basic_stair_grate_trap
Snake:3:  serial_shops, bzr_entry_gold, lightli_airlock, uniq_nikola
Snake:4:  snake_pit, basic_stair_grate_trap
Slime:3:  basic_altar, nicolae_slime_round_cave
Slime:4:  nicolae_slime_jelly_donut
Orc:1:    enter_volcano_3, basic_altar
Orc:2:    grunt_orc_gardens, grunt_orc_garden, grunt_orc_garden,
          grunt_orc_garden, grunt_orc_garden, bh_open_orc_temple
Elf:1:    serial_shops, nicolae_shop_crystal, nicolae_shop_behind_doors,
          nicolae_shop_crystal, hangedman_elf_represent
Elf:3:    minmay_elf_hall_four_x, serial_shops, nicolae_shop_overgrown_old_shop,
          spider_trap, grunt_ministairs_9, nicolae_elf_v_pinch, minivault_11
Vaults:1: nicolae_vaults_little_squares_1, v_rooms_4, vaults_dpeg_spiral,
          ontoclasm_vaults_gallery, vaults_room_door_hall, v_alt_pattern_1
Vaults:2: v_misc_5, nicolae_vaults_disjoint_gnomons,
          nicolae_vaults_puzzle_piece, v_misc_26, v_misc_33,
          nicolae_vaults_big_angled_halls, v_misc_27, vaults_mumra_bighexcomb,
          nicolae_vaults_little_squares_2, vaults_room_stairs_pillars,
          ontoclasm_vaults_shuriken
Vaults:3: blue_anna_dwarven_crypt, nicolae_vaults_arrows,
          hangedman_vaults_stitches, nicolae_vaults_shelves_hall,
          hangedman_vaults_nodes, nicolae_vaults_specimen_jars,
          nicolae_vaults_sealed_display, serial_shops, shop
Vaults:4: nicolae_vaults_puzzle_piece, v_pattern_4, st_lattice,
          grunt_vaults_trifunnel, grunt_vaults_diagonal,
          nicolae_vaults_big_angled_halls,
          vaults_standard_mumra_enter_the_diamond,
          hangedman_vaults_corner_blocks, hangedman_vaults_nails,
          vaults_dpeg_doors, vaults_room_hallway, nicolae_vaults_alarming,
          vaults_room_hallway, vaults_room_pool
Vaults:5: uniq_margery
Abyss:3:  evilmike_nicolae_abyss_rune_betentacled_crabyss
Abyss:5:  kilobyte_mutagenic_chamber, hangedman_abyss_rune_macabre_mess,
          evilmike_abyss_exit_kraken, hangedman_abyss_or_decor_clamps,
          hangedman_abyss_or_decor_passed
Bazaar:   bazaar_kb_twisted_cavern
Bailey:   bailey_polearm_2, bailey
Volcano:  volcano_village

Skill      XL: |  1  2  3  4  5  6  7  8  9 10 11 12 13 14 15 16 17 18 19 20 21 22 23 |
---------------+----------------------------------------------------------------------+-----
Axes           | 4 5 6 8 9 11 13 14 17 18 20 21 23 24 25 26 | 26.0
Fighting       | 4 5 6 7 8 10 11 14 17 18 | 18.8
Armour         | 3 4 5 6 7 10 12 13 14 | 14.4
Dodging        | 2 3 4 5 7 8 10 11 13 14 | 14.1
Evocations     | 2 4 5 |  5.0
Spellcasting   | 3 5 7 8 9 |  9.0
Earth Magic    | 3 5 8 10 12 | 12.1
Transmutations | 3 5 8 10 12 | 12.1
Necromancy     | 5 7 |  7.2

Action                   |  1- 3 |  4- 6 |  7- 9 | 10-12 | 13-15 | 16-18 | 19-21 | 22-24 || total
-------------------------+-------+-------+-------+-------+-------+-------+-------+-------++-------
Melee: Hand axe          |    46 |    83 |   151 |       |       |       |       |       ||   280
       Headbutt          |     5 |    10 |    34 |    85 |   141 |   200 |   222 |    54 ||   751
       War axe           |       |       |    77 |   490 |   119 |   405 |   461 |       ||  1552
       Executioner's axe |       |       |       |       |   607 |   564 |   730 |   295 ||  2196
       Battleaxe         |       |       |       |       |       |    11 |       |       ||    11
       Kick              |       |       |       |       |       |       |    19 |    60 ||    79
Throw: Tomahawk          |     3 |       |       |       |       |       |       |       ||     3
 Cast: Apportation       |       |       |       |       |       |       |     2 |    18 ||    20
       Regeneration      |       |       |       |       |       |       |    15 |    20 ||    35
       Statue Form       |       |       |       |       |       |       |     7 |    13 ||    20
 Abil: Evoke Flight      |       |       |       |       |       |     2 |     4 |       ||     6
       Stop Flying       |       |       |       |       |       |       |     1 |       ||     1
       End Transformatio |       |       |       |       |       |       |     1 |     3 ||     4
Evoke: Wand              |       |     3 |     7 |     2 |     8 |     7 |       |       ||    27
       Sack of spiders   |       |       |       |       |       |       |     3 |       ||     3
       Phial of floods   |       |       |       |       |       |       |     1 |       ||     1
       Lamp of fire      |       |       |       |       |       |       |     1 |       ||     1
       Phantom mirror    |       |       |       |       |       |       |     1 |       ||     1
  Use: Scroll            |       |     1 |     5 |     5 |    15 |    21 |     8 |     2 ||    57
       Potion            |       |       |       |     3 |     3 |     9 |     8 |     5 ||    28
 Stab: Confused          |       |       |     3 |     1 |     5 |     8 |     2 |     1 ||    20
       Invisible         |       |       |     1 |     4 |       |     2 |       |       ||     7
       Sleeping          |       |       |       |     4 |       |       |       |       ||     4
       Petrified         |       |       |       |     1 |       |     1 |       |       ||     2
       Paralysed         |       |       |       |       |    10 |       |       |       ||    10
       Distracted        |       |       |       |       |     1 |       |     2 |       ||     3
       Fleeing           |       |       |       |       |       |       |     1 |       ||     1
  Eat: Royal jelly       |       |     1 |     1 |     3 |     1 |     8 |     8 |     2 ||    24
       Fruit             |       |       |     7 |     1 |     6 |     6 |     2 |     4 ||    26
       Chunk             |       |       |     3 |     7 |    13 |     7 |     2 |     7 ||    39
Armor: Leather armour    |    11 |     9 |       |       |       |       |       |       ||    20
       Chain mail        |       |    23 |   100 |    54 |       |       |       |       ||   177
       Ring mail         |       |       |       |    40 |       |       |       |       ||    40
       Troll leather arm |       |       |       |    68 |    58 |       |   311 |    33 ||   470
       Plate armour      |       |       |       |       |   163 |   561 |     2 |       ||   726
       Skin              |       |       |       |       |       |       |    45 |   142 ||   187
Dodge: Dodged            |    28 |    35 |    96 |   419 |   459 |   533 |   872 |   324 ||  2766
       Deflected         |       |       |       |       |       |    36 |   112 |     6 ||   154
Block: Buckler           |       |       |       |     6 |       |       |       |       ||     6

Table legend:
 A = Spawn XP
 B = Non-spawn XP
 C = Spawn XP percentage of total XP
 D = Spawn monster count
 E = Non-spawn monster count
 F = Spawn count percentage of total count
 G = Total turns spent on level
                    A         B        C        D         E        F      G
               +---------+---------+-------+---------+---------+-------+---------
         Total |    9128 |  729231 |   1.2 |      14 |    1630 |   0.9 | 23346
               +---------+---------+-------+---------+---------+-------+---------
           D:1 |       0 |       7 |   0.0 |       0 |       5 |   0.0 |   221
           D:2 |       0 |      42 |   0.0 |       0 |       9 |   0.0 |   190
           D:3 |       0 |     548 |   0.0 |       0 |      24 |   0.0 |   397
           D:4 |       0 |     292 |   0.0 |       0 |      14 |   0.0 |   306
           D:5 |       0 |     338 |   0.0 |       0 |      16 |   0.0 |   243
           D:6 |       0 |     563 |   0.0 |       0 |       4 |   0.0 |   294
           D:7 |       0 |    1482 |   0.0 |       0 |      27 |   0.0 |   488
           D:8 |       0 |    4414 |   0.0 |       0 |      38 |   0.0 |   768
           D:9 |       0 |    4589 |   0.0 |       0 |      44 |   0.0 |   525
          D:10 |       0 |    4324 |   0.0 |       0 |      34 |   0.0 |   642
          D:11 |       0 |    8913 |   0.0 |       0 |      69 |   0.0 |   766
          D:12 |       0 |   12970 |   0.0 |       0 |      58 |   0.0 |   651
          D:13 |       0 |   12357 |   0.0 |       0 |      33 |   0.0 |   644
          D:14 |       0 |   10202 |   0.0 |       0 |      26 |   0.0 |   597
          D:15 |       0 |    1020 |   0.0 |       0 |       3 |   0.0 |    26
        Lair:1 |       0 |    2768 |   0.0 |       0 |      10 |   0.0 |   287
        Lair:2 |       0 |    2130 |   0.0 |       0 |      11 |   0.0 |   205
        Lair:3 |       0 |   12417 |   0.0 |       0 |      71 |   0.0 |   522
        Lair:4 |       0 |   10414 |   0.0 |       0 |      34 |   0.0 |   466
        Lair:5 |       0 |    8243 |   0.0 |       0 |      26 |   0.0 |   379
        Lair:6 |       0 |   14990 |   0.0 |       0 |      66 |   0.0 |   874
      Shoals:1 |       0 |   18816 |   0.0 |       0 |      33 |   0.0 |   567
      Shoals:2 |       0 |    8083 |   0.0 |       0 |      13 |   0.0 |   368
      Shoals:3 |       0 |   13693 |   0.0 |       0 |      29 |   0.0 |   437
      Shoals:4 |       0 |   42070 |   0.0 |       0 |      62 |   0.0 |   848
       Snake:1 |       0 |   11270 |   0.0 |       0 |      21 |   0.0 |   512
       Snake:2 |       0 |   18503 |   0.0 |       0 |      39 |   0.0 |   529
       Snake:3 |       0 |   38827 |   0.0 |       0 |      63 |   0.0 |   919
       Snake:4 |       0 |   45628 |   0.0 |       0 |      66 |   0.0 |  1189
       Slime:1 |       0 |    1618 |   0.0 |       0 |       6 |   0.0 |    38
       Slime:2 |       0 |   13633 |   0.0 |       0 |      17 |   0.0 |   216
       Slime:3 |       0 |    2806 |   0.0 |       0 |       8 |   0.0 |    75
       Slime:4 |       0 |   15070 |   0.0 |       0 |      35 |   0.0 |   200
       Slime:5 |       0 |   45502 |   0.0 |       0 |      42 |   0.0 |   486
         Orc:1 |       0 |    5957 |   0.0 |       0 |      62 |   0.0 |   383
         Orc:2 |       0 |   13626 |   0.0 |       0 |      55 |   0.0 |   765
         Elf:1 |       0 |    2680 |   0.0 |       0 |       4 |   0.0 |   157
         Elf:2 |       0 |    4649 |   0.0 |       0 |       7 |   0.0 |   233
         Elf:3 |       0 |   82229 |   0.0 |       0 |      90 |   0.0 |  2233
      Vaults:1 |       0 |   30027 |   0.0 |       0 |      44 |   0.0 |   493
      Vaults:2 |       0 |   46023 |   0.0 |       0 |      82 |   0.0 |   684
      Vaults:3 |       0 |   27419 |   0.0 |       0 |      54 |   0.0 |   658
      Vaults:4 |       0 |   65024 |   0.0 |       0 |      88 |   0.0 |   735
      Vaults:5 |       0 |   39387 |   0.0 |       0 |      37 |   0.0 |    32
       Abyss:2 |    4879 |    8284 |  37.1 |       8 |      15 |  34.8 |   393
       Abyss:3 |    4249 |    7680 |  35.6 |       6 |       9 |  40.0 |   124
       Abyss:5 |       0 |    3372 |   0.0 |       0 |       4 |   0.0 |     9
        Bailey |       0 |    1494 |   0.0 |       0 |      14 |   0.0 |   267
       Volcano |       0 |    2838 |   0.0 |       0 |       9 |   0.0 |   159
               +---------+---------+-------+---------+---------+-------+---------
